 Dungeon Crawl Stone Soup version 0.28-a0-796-gd4f0d3f9b2 (webtiles) character file.

Game seed: 9520015102028705232

18 Decritt the Gusty (level 2, -1/20 HPs)
             Began as a Draconian Air Elementalist on Nov 6, 2021.
             Succumbed to a kobold's poison
             ... on level 1 of the Dungeon.
             The game lasted 00:03:10 (1752 turns).

Decritt the Gusty (Draconian Air Elementalist)      Turns: 1752, Time: 00:03:11

Health: -1/20      AC:  4    Str: 10    XL:     2   Next: 48%
Magic:  1/5        EV: 12    Int: 15    God:
Gold:   48         SH:  0    Dex: 11    Spells: 4/5 levels left

rFire   . . .      SeeInvis .   e - +0 whip
rCold   . . .      Faith    .   (no shield)
rNeg    . . .      Spirit   .   (armour unavailable)
rPois   .          Reflect  .   (helmet restricted)
rElec   .          Harm     .   (no cloak)
rCorr   .          Rampage  .   (no gloves)
Will    .....                   (no boots)
Stlth   ++........              (no amulet)
HPRegen 0.06/turn               (no ring)
MPRegen 0.09/turn               (no ring)

@: lethally poisoned (-1 -> -17)
A: AC +4, unfitting armour, cold-blooded
a: no special abilities


You were on level 1 of the Dungeon.
You visited 1 branch of the dungeon, and saw 1 of its levels.

You collected 48 gold pieces.

Inventory:

Hand Weapons
 a - a +0 club
 e - a +0 whip (weapon)
Missiles
 d - 14 poisoned darts (quivered)
Armour
 c - a +0 buckler
Scrolls
 b - a scroll of acquirement {unknown}
 f - a scroll of summoning {unknown}


   Skills:
 - Level 1.7 Dodging
 - Level 1.7 Stealth
 - Level 2.0 Spellcasting
 + Level 1.9 Conjurations
 + Level 3.4 Air Magic


You had 4 spell levels left.
You knew the following spells:

 Your Spells              Type           Power      Damage    Failure   Level
a - Shock                 Conj/Air       36%        1d5       8%          1

Your spell library contained the following spells:

 Spells                   Type           Power      Damage    Failure   Level
 Static Discharge         Conj/Air       9%         N/A       11%         2
 Swiftness                Air            11%        N/A       16%         3
 Airstrike                Air            5%         N/A       47%         4


Dungeon Overview and Level Annotations

Branches:
Dungeon (1/15)

Altars:


Innate Abilities, Weirdness & Mutations

Your plain brown scales are hard. (AC +4)
You cannot fit into any form of body armour.
You are cold-blooded and may be slowed by cold attacks.


Message History

Press: ? - help, Shift-Dir - straight line, f/p - kobold
Aim: a kobold, wielding a +1 short sword of venom (60% to hit)
The zap hits the kobold.
The kobold is heavily wounded.
Casting: Shock (safe; 8% risk of failure)
Confirm with . or Enter, or press ? or * to list all spells.
Aiming: Shock (safe; 8% risk of failure)
Press: ? - help, Shift-Dir - straight line, f/p - kobold
Aim: a kobold, wielding a +1 short sword of venom (moderately wounded, 60% to hit)
The zap misses the kobold.
Casting: Shock (safe; 8% risk of failure)
Confirm with . or Enter, or press ? or * to list all spells.
Aiming: Shock (safe; 8% risk of failure)
Press: ? - help, Shift-Dir - straight line, f/p - kobold
Aim: a kobold, wielding a +1 short sword of venom (moderately wounded, 60% to hit)
The zap misses the kobold.
The kobold hits you with a +1 short sword of venom.
You are poisoned.
You see here a scroll labelled TIENGU CUOMUR.
You hit the kobold but do no damage.
Your tail-slap misses the kobold.
The kobold is moderately wounded.
You feel very sick.
The kobold hits you with a +1 short sword of venom.
* * * LOW HITPOINT WARNING * * *
You feel sick.
Your magical contamination has completely faded away.
You feel sick.
You feel sick.
Casting: Shock (safe; 8% risk of failure)
Confirm with . or Enter, or press ? or * to list all spells.
Aiming: Shock (safe; 8% risk of failure)
Press: ? - help, Shift-Dir - straight line, f/p - kobold
Aim: a kobold, wielding a +1 short sword of venom (moderately wounded, 60% to hit)
The zap hits the kobold.
The kobold is heavily wounded.
You feel sick.
The kobold hits you with a +1 short sword of venom.
* * * LOW HITPOINT WARNING * * *
You are lethally poisoned!
You die...

......# #.#.###.#
......# #.#.....#
......# #.#.###.#
......# #.#.# #†#
...#..# #.#.# #.#
####..###.#.###.#
#.............#
#.#####.#.######
#.............@#
#######.#.####.#
#.#.# #K# #.#.#
#.# #.#.# #?#
#.#.# #.# ..#.#
#.# ###.# #.# #.#
#.#


You could see a kobold.

Vanquished Creatures
  An endoplasm (D:1)
  A giant cockroach (D:1)
  2 goblins (D:1)
  4 hobgoblins (D:1)
  A kobold (D:1)
  A quokka (D:1)
  A ball python (D:1)
  A bat (D:1)
  A frilled lizard (D:1)
  3 rats (D:1)
16 creatures vanquished.

Notes
Turn   | Place    | Note
-------+----------+-------------------------------------------
     0 | D:1      | Decritt the Draconian Air Elementalist began the quest for
                  | the Orb.
     0 | D:1      | Reached XP level 1. HP: 14/14 MP: 3/3
   700 | D:1      | Reached XP level 2. HP: 20/20 MP: 3/5
  1752 | D:1      | Succumbed to a kobold's poison

Illustrated notes

Levels and vault maps discovered:
D:1:      ebering_hopf_link, layout_basic

Action                   || total
-------------------------++-------
Melee: Club              ||    45
       Tailslap          ||     2
       Whip              ||     1
Throw: Dart              ||     3
 Cast: Shock             ||    35
Armor: Skin              ||    34
Dodge: Dodged            ||    39

Table legend: (Time is in decaauts)
 A = Elapsed time spent in this place.
 B = Non-inter-level travel time spent in this place.
 C = Inter-level travel time spent in this place.
 D = Time resting spent in this place.
 E = Time spent auto-exploring this place.
 F = Levels seen in this place.
 G = Mean time per level.
                   A        B        C        D        E       F      G
               +--------+--------+--------+--------+--------+-----+--------+
         Total |   1764 |   1764 |      0 |    262 |   1310 |   1 | 1764.0 |
       Dungeon |   1764 |   1764 |      0 |    262 |   1310 |   1 | 1764.0 |
               +--------+--------+--------+--------+--------+-----+--------+

Top non-repeatable levels by time:
     D:1: 1764 daAuts
